Map: Lost and Found LE

Players

GOStephano (Stephano) - Winner!

  • Race: Zerg Zerg
  • Spawn Location: 1:00

soul

  • Race: Terran Terran
  • Spawn Location: 7:00

Event: HomeStory Cup XVIII

VOD

Have the link to the VOD?

Description

Time

  • Played on: Nov. 23, 2018, 8:20 a.m.
  • Length: 8:03

All games in this series

Show
View Real Time Build Order
Export as new Build Order

GOStephano Zerg - Winner!

Build Orders: Hatch First 

Get SALT Encoding   

  12  0:00  Drone  
  13  0:13  Overlord  
  13  0:18  Drone  
  14  0:31  Drone x2  
  16  0:49  Hatchery  
  15  0:51  Drone  
  15  0:55  Drone  
  17  0:58  Drone  
  18  1:10  Extractor  
  17  1:13  Spawning Pool  
  17  1:16  Drone  
  17  1:19  Drone  
  18  1:28  Drone  
  19  1:39  Drone  
  20  1:50  Drone  
  21  2:00  Queen x2  
  25  2:01  Zergling x4  
  27  2:11  Overlord  
  27  2:13  Drone  
  28  2:20  Hatchery  
  28  2:22  Drone  
  28  2:30  Drone  
  28  2:33  Drone x2  
  31  2:38  Queen  
  31  2:43  Overlord  
  33  2:48  Drone  
  33  2:49  Metabolic Boost  
  34  2:54  Drone  
  35  3:01  Drone  
  36  3:07  Drone  
  36  3:08  Drone  
  36  3:09  Drone x2  
  36  3:10  Drone  
  36  3:11  Drone x2  
  43  3:14  Drone  
  43  3:19  Extractor  
  43  3:20  Extractor, Queen  
  43  3:24  Overlord  
  46  3:31  Queen  
  46  3:33  Zergling x4  
  50  3:42  Queen  
  50  3:45  Zergling x2  
  50  3:46  Zergling x4  
  50  3:48  Overlord  
  55  3:50  Drone  
  55  3:53  Drone x2  
  55  3:54  Overlord  
  58  4:00  Overlord x2  
  58  4:05  Overlord  
  58  4:06  Overlord  
  58  4:14  Drone x5  
  58  4:16  Spore Crawler  
  62  4:28  Queen  
  62  4:30  Evolution Chamber x2  
  63  4:31  Drone x2  
  63  4:33  Drone x4  
  68  4:39  Queen  
  68  4:41  Spore Crawler  
  69  4:48  Drone x5  
  69  4:51  Drone x2  
  69  4:52  Spore Crawler  
  75  4:59  Zerg Ground Armor Level 1, Zerg Melee Weapons Level 1  
  75  5:02  Drone x2  
  75  5:08  Drone x6  
  75  5:12  Extractor  
  75  5:13  Extractor  
  76  5:14  Overlord  
  76  5:19  Extractor  
  75  5:29  Drone x2  
  75  5:30  Lair  
  75  5:31  Hatchery  
  75  5:32  Drone x2  
  78  5:36  Drone  
  78  5:38  Hatchery  
  78  5:41  Baneling Nest  
  77  5:53  Drone x4  
  77  5:54  Drone x3  
  84  6:01  Zergling x14  
  91  6:05  Overlord  
  91  6:06  Hatchery  
  91  6:08  Overlord  
  91  6:09  Overlord  
  90  6:13  Drone x2  
  92  6:22  Zergling x10  
  92  6:23  Zergling x6  
  101  6:32  Zergling x2  
  101  6:33  Zergling x6  
  101  6:34  Centrifical Hooks  
  101  6:39  Hydralisk Den, Baneling x2  
  103  6:40  Extractor, Drone x2, Baneling x2  
  103  6:41  Drone  
  103  6:42  Drone x2  
  107  6:53  Zergling x2, Baneling x4  
  107  6:54  Zergling x10  
  113  7:00  Zergling x10  
  117  7:07  Zergling x2  
  117  7:08  Zergling x6  
  121  7:13  Zergling x14  
  128  7:16  Zergling x2  
  128  7:17  Zergling x10  
  128  7:18  Overlord  
  126  7:33  Zergling x16  
  126  7:34  Zergling x4  
  126  7:36  Drone x3  
  136  7:42  Infestation Pit  
  136  7:43  Extractor  
Show
View Real Time Build Order
Export as new Build Order

soul Terran 

Build Orders: Gas First Reaper Expand, Hellion Opening, Reaper Expand 

Get SALT Encoding   

  12  0:00  SCV  
  13  0:12  SCV  
  14  0:17  Supply Depot  
  14  0:24  SCV  
  15  0:30  Refinery  
  15  0:38  SCV  
  16  0:45  Barracks  
  16  0:50  SCV  
  17  1:02  SCV  
  18  1:17  SCV  
  19  1:33  Reaper, Orbital Command  
  20  1:44  Command Center  
  20  1:56  Factory  
  20  1:59  SCV  
  21  2:05  Refinery  
  21  2:09  Barracks Reactor  
  21  2:11  SCV  
  22  2:16  Supply Depot  
  22  2:23  SCV  
  23  2:38  SCV  
  23  2:41  Starport  
  24  2:50  Hellion, SCV  
  27  2:52  Hellion, Barracks Tech Lab  
  29  2:59  Orbital Command  
  29  3:02  SCV  
  30  3:12  Hellion  
  32  3:15  Hellion  
  32  3:17  Barracks Tech Lab  
  32  3:18  SCV  
  35  3:26  Viking  
  37  3:27  SCV  
  38  3:34  SCV  
  38  3:36  Supply Depot  
  38  3:40  Hellion  
  41  3:43  Hellion  
  41  3:46  SCV  
  41  3:48  SCV  
  45  3:53  Marine  
  45  3:54  Stimpack  
  46  3:58  SCV  
  46  4:00  SCV  
  48  4:03  Hellion  
  48  4:05  Hellion  
  52  4:12  SCV  
  52  4:16  SCV  
  54  4:20  Supply Depot  
  54  4:30  Command Center  
  54  4:41  SCV x2  
  54  4:45  Supply Depot, Starport Reactor  
  56  4:52  Barracks  
  56  4:54  Barracks, Siege Tank, SCV x2  
  56  4:57  Marine  
  62  5:06  SCV x2  
  62  5:12  Engineering Bay  
  62  5:14  Engineering Bay  
  47  5:17  Marine  
  47  5:18  SCV x2  
  50  5:22  Refinery x2  
  50  5:23  Supply Depot  
  50  5:26  Siege Tank  
  51  5:30  SCV x2  
  51  5:34  Starport Reactor  
  51  5:35  Supply Depot, Marine  
  54  5:42  Marine x2, SCV x2  
  58  5:46  Terran Infantry Weapons Level 1  
  58  5:47  Terran Infantry Armor Level 1  
  58  5:49  Marine x2  
  58  5:52  Marine  
  58  5:54  SCV, Orbital Command  
  62  5:57  SCV  
  62  5:58  Siege Tank  
  62  6:00  Marine x2  
  68  6:07  Marine x2  
  68  6:08  SCV  
  68  6:09  SCV  
  68  6:10  Marine  
  73  6:11  Medivac x2  
  73  6:13  Orbital Command  
  73  6:17  Supply Depot  
  73  6:18  Marine  
  78  6:19  Supply Depot  
  78  6:21  SCV x2  
  80  6:25  Marine x2  
  80  6:29  Armory  
  80  6:30  Supply Depot  
  82  6:33  SCV x2  
  82  6:34  Marine x2  
  82  6:35  Marine  
  82  6:38  SCV  
  88  6:43  Medivac  
  88  6:44  Medivac  
  88  6:45  SCV x2  
  94  6:50  SCV  
  94  6:53  Marine x4  
  99  6:57  SCV  
  99  6:58  SCV  
  101  7:02  Marine  
  101  7:03  SCV  
  101  7:04  Supply Depot, Siege Tank  
  101  7:07  Supply Depot  
  106  7:09  SCV  
  106  7:10  Marine, SCV  
  106  7:11  Marine x2  
  106  7:15  SCV  
  112  7:17  Barracks  
  112  7:18  Barracks  
  112  7:19  Medivac x2  
  112  7:21  Marine, SCV  
  112  7:22  Marine, SCV  
  120  7:27  SCV  
  105  7:30  Marine  
  105  7:33  SCV  
  105  7:34  Marine  
  105  7:36  SCV  
  92  7:37  Marine  
  89  7:45  SCV x2  
  89  7:46  Supply Depot  
Tags
 
Add a new tag
Caveats
  • Supply blocks, unpowered buildings, or Contaminate may cause inaccurate times.
  • Supply counts are checked every 10 seconds.